 Seeded DCSS version 0.30.0-29-ga12c61a403 (webtiles) character file.

Game seed: 7229806256980976716 (custom seed)

25 OTABOTABOTAB the Vexing (level 2, 14/14 HPs)
             Began as a Spriggan Hexslinger on June 25, 2023.
             Quit the game on level 1 of the Dungeon.
             The game lasted 00:01:21 (784 turns).

OTABOTABOTAB the Vexing (Spriggan Hexslinger)        Turns: 784, Time: 00:01:22

Health: 14/14      AC:  2    Str:  6    XL:     2   Next: 82%
Magic:  5/5        EV: 17    Int: 14    God:
Gold:   2779       SH:  0    Dex: 15    Spells: 3/4 levels left

rFire   . . .        a - +1 sling
rCold   . . .        (no shield)
rNeg    . . .        c - +0 robe
rPois   .            (helmet restricted)
rElec   .            (no cloak)
rCorr   .            (gloves unavailable)
SInv    +            (boots unavailable)
Will    .....        (no amulet)
Stlth   +            (no ring)
HPRegen 0.22/turn    (no ring)
MPRegen 0.09/turn

%: no passive effects
@: very quick
A: very small, no large weapons, unfitting armour, see invisible, speed 3
a: no special abilities


You were on level 1 of the Dungeon.
You visited 1 branch of the dungeon, and saw 1 of its levels.

You collected 2779 gold pieces.

Inventory:

Hand Weapons
 a - a +1 sling (weapon)
Missiles
 j - a throwing net {!d}
 s - 21 stones
Armour
 c - a +0 robe (worn)
Scrolls
 b - a scroll of poison {!r}
 d - a scroll of amnesia
 f - a scroll of teleportation {unknown}
 h - a scroll of blinking {unknown}
 i - 2 scrolls of identify {unknown}
 k - a scroll of enchant armour {unknown}
Potions
 g - a potion of mutation {unknown}
 l - a potion of might {unknown}


   Skills:
 + Level 1.1 Fighting
 * Level 2.5 Ranged Weapons
 + Level 3.1 Dodging
 + Level 1.9 Spellcasting
 + Level 3.8 Hexes


You had 3 spell levels left.
You knew the following spells:

 Your Spells              Type           Power      Damage    Failure   Level
s - Slow                  Hex            48%        N/A       4%          1

Your spell library contained the following spells:

 Spells                   Type           Power      Damage    Failure   Level
 Inner Flame              Hex/Fire       6%         N/A       32%         3
 Portal Projectile        Hex/Tloc       12%        N/A       32%         3
 Cause Fear               Hex            6%         N/A       43%         4


Dungeon Overview and Level Annotations

Branches:
Dungeon (1/15)

Altars:


Innate Abilities, Weirdness & Mutations

You are very small and have problems with some larger weapons.
You are too small for most types of armour.
You have supernaturally acute eyesight. (SInv)
You cover ground extremely quickly. (Speed+++)


Message History

The sling bullet completely misses the hobgoblin.
The hobgoblin barely misses you.
You shoot a sling bullet.
The sling bullet closely misses the hobgoblin.
The hobgoblin barely misses you.
You shoot a sling bullet. The sling bullet hits the hobgoblin.
The hobgoblin closely misses you.
Unknown command.
You shoot a sling bullet. The sling bullet hits the hobgoblin.
You kill the hobgoblin!
No target in view!
No target in view!
No target in view!
You see here a hobgoblin corpse.
j - a throwing net {!d} You see here a hobgoblin corpse.
You see here a hobgoblin corpse.
You see here a frilled lizard corpse.
Found a stone staircase leading down.
Unknown command.
Health restored: 14 A hobgoblin comes into view.
You shoot a sling bullet. The sling bullet hits the hobgoblin.
The hobgoblin shouts!
You shoot a sling bullet. The sling bullet hits the hobgoblin.
You kill the hobgoblin!
No target in view!
No target in view!
No target in view!
You now have 35 gold pieces (gained 5).
Found a stone staircase leading down.
There is a stone staircase leading down here.
A ball python comes into view.
The ball python hisses angrily.
A giant cockroach comes into view.
You see here a scroll labelled DOJANAYNAA.
You shoot a sling bullet.
The sling bullet hits the giant cockroach.
No target in view!
No target in view!
No target in view!
Unknown command.
k - a scroll labelled DOJANAYNAA You shoot a sling bullet.
The sling bullet hits the giant cockroach but does no damage.
The giant cockroach bites you.
You take 2 damage, and have 12/14 hp.
You shoot a sling bullet.
The sling bullet hits the giant cockroach but does no damage.
The giant cockroach bites you but does no damage.
The giant cockroach closely misses you.
You shoot a sling bullet.
The sling bullet hits the giant cockroach but does no damage.
The giant cockroach completely misses you.
You shoot a sling bullet.
The sling bullet barely misses the giant cockroach.
The giant cockroach bites you.
The giant cockroach completely misses you.
You take 2 damage, and have 11/14 hp.
You shoot a sling bullet.
The sling bullet hits the giant cockroach.
You kill the giant cockroach!
You shoot a sling bullet. The sling bullet hits the ball python!
You kill the ball python!
No target in view!
No target in view!
Unknown command.
No target in view!
No target in view!
Things that are here:
a ball python corpse; a giant cockroach corpse A rat comes into view.
Health restored: 14 You shoot a sling bullet.
The sling bullet hits the rat.
You kill the rat!
No target in view!
No target in view!
No target in view!
s - 21 stones (gained 7)
i - 2 scrolls labelled ISYPAI JAGUE (gained 1)
l - a metallic silvery potion You now have 40 gold pieces (gained 5).
You now have 50 gold pieces (gained 10).
Things that are here:
a ball python corpse; a giant cockroach corpse Done exploring.
No target in view!
Done exploring.
Done exploring.
Done exploring.
This is a scroll of acquirement!
Something appears at your feet!
You now have 1014 gold pieces (gained 964).
As you read the scroll labelled FUSKUR VIKLOEP, it crumbles to dust.
It is a scroll of amnesia.
Really abort (and waste the scroll)?
Okay, then.
Something appears at your feet! Something appears at your feet!
You now have 2779 gold pieces (gained

1765).
###########.###.#########.#
#.# #.# #.# #.# #.# #.# #.#
#.# #.###### #.# #.#
#....... #.# #.# ########
#.# #.# #.###.# #..).@#
#######


There were no monsters in sight!

Vanquished Creatures
  2 giant cockroaches (D:1)
  A goblin (D:1)
  2 hobgoblins (D:1)
  6 jackals (D:1)
  2 quokkas (D:1)
  2 ball pythons (D:1)
  3 bats (D:1)
  A frilled lizard (D:1)
  A rat (D:1)
20 creatures vanquished.

Notes
Turn   | Place    | Note
-------+----------+-------------------------------------------
     0 | D:1      | OTABOTABOTAB the Spriggan Hexslinger began the quest for
                  | the Orb.
     0 | D:1      | Reached XP level 1. HP: 9/9 MP: 3/3
    88 | D:1      | HP: 1/9 [jackal (2)]
    97 | D:1      | HP: 2/9 [jackal (1)]
   207 | D:1      | Reached skill level 1 in Fighting
   207 | D:1      | Reached XP level 2. HP: 14/14 MP: 5/5
   234 | D:1      | Reached skill level 3 in Dodging
   778 | D:1      | Identified 3 scrolls of acquirement
   778 | D:1      | Acquired 964 gold pieces
   781 | D:1      | Acquired 904 gold pieces
   782 | D:1      | Acquired 861 gold pieces
   784 | D:1      | Quit the game

Illustrated notes

Levels and vault maps discovered:
D:1:      spicycebolla_arrival_ecumenical, layout_loops_ring

Skill      XL: |  1  2 |
---------------+-------+-----
Fighting       | 1 |  1.1
Dodging        | 3 |  3.1
Ranged Weapons | |  2.5
Spellcasting   | |  1.9
Hexes          | |  3.8

Action                     || total
---------------------------++-------
   Fire: Sling             ||    77
    Use: Scroll            ||     4
 Armour: Robe              ||     5
  Dodge: Dodged            ||    65

Levels and vault maps discovered:
D:1:      spicycebolla_arrival_ecumenical, layout_loops_ring

Table legend: (Time is in decaauts)
 A = Elapsed time spent in this place.
 B = Non-inter-level travel time spent in this place.
 C = Inter-level travel time spent in this place.
 D = Time resting spent in this place.
 E = Time spent auto-exploring this place.
 F = Levels seen in this place.
 G = Mean time per level.
                   A        B        C        D        E       F      G
               +--------+--------+--------+--------+--------+-----+--------+
         Total |    564 |    564 |      0 |     32 |    405 |   1 |  564.0 |
       Dungeon |    564 |    564 |      0 |     32 |    405 |   1 |  564.0 |
               +--------+--------+--------+--------+--------+-----+--------+

Top non-repeatable levels by time:
     D:1: 564 daAuts

Table legend:
 A = Kills in this place as a percentage of kills in the entire game.
 B = Kills by you in this place as a percentage of kills by you in the entire game.
 C = Kills by friends in this place as a percentage of kills by friends in the entire game.
 D = Other kills in this place as a percentage of other kills in the entire game.
 E = Experience gained in this place as a percentage of experience gained in the entire game.
 F = Experience gained in this place divided by the number of levels of this place that you have seen.
                   A       B       C       D       E      F
               +-------+-------+-------+-------+-------+----------------------
         Total | 100.0 | 100.0 |   N/A |   N/A | 100.0 |  36.0
       Dungeon | 100.0 | 100.0 |   N/A |   N/A | 100.0 |  36.0
               +-------+-------+-------+-------+-------+----------------------
